[ AOE2 MATCH · #477690479 ]
1v1 RMVikings vs Burgundians
Player's team · WIN
[ REPLAY ANALYSIS · EXTRACTED FROM THE RECORDED GAME ]
Feudal
9:20
Castle
23:49
Imperial
43:29
| APM avg | 64.9 |
| APM peak | 92 |
| eAPM avg | 25.9 |
| Villagers / military | 124 / 267 |
Focus
⚔️ 41.5% · 🌾 58.5%
Militia ×129 · Spearman ×82 · Archer ×26 · Battering Ram ×12 · Berserk ×7 · Scout Cavalry ×6
Feudal
8:57
Castle
22:00
Imperial
44:29
| APM avg | 63.9 |
| APM peak | 89 |
| eAPM avg | 38.3 |
| Villagers / military | 176 / 211 |
Focus
⚔️ 21.3% · 🌾 78.7%
Knight ×53 · Skirmisher ×32 · Coustillier ×32 · Hand Cannoneer ×32 · Flemish Militia ×19 · Archer ×18
Match map
Initial resources + every placement click. Lines = walls · curves = elevation contours. ◆ gold · ⬟ stone · ● berries · ✦ relic · ◌ wall gap
Inputs per minute
— Bulba - - Notorious
Build order — Bulba
First 150 of 578 actions detected
| 0:01 | Create | Villager (Male) |
| 0:01 | Create | Villager (Male) |
| 0:02 | Create | Villager (Male) |
| 0:02 | Build | House |
| 0:04 | Build | House |
| 0:17 | Create | Villager (Male) |
| 0:34 | Build | Lumber Camp |
| 1:21 | Build | House |
| 1:37 | Create | Villager (Male) |
| 2:04 | Create | Villager (Male) |
| 2:33 | Create | Villager (Male) |
| 3:01 | Create | Villager (Male) |
| 3:17 | Create | Villager (Male) |
| 3:47 | Create | Villager (Male) |
| 4:11 | Create | Villager (Male) |
| 4:42 | Create | Villager (Male) |
| 4:51 | Create | Villager (Male) |
| 5:21 | Create | Villager (Male) |
| 6:00 | Build | Barracks |
| 6:04 | Create | Villager (Male) |
| 6:27 | Create | Villager (Male) |
| 7:10 | Research | Feudal Age |
| 7:47 | Create | Militia |
| 7:47 | Create | Militia |
| 7:51 | Build | House |
| 8:05 | Research | Loom |
| 8:51 | Create | Villager (Male) |
| 9:20 | Age | Feudal Age |
| 9:24 | Create | Villager (Male) |
| 9:38 | Build | Archery Range |
| 10:17 | Build | Mining Camp |
| 10:23 | Create | Villager (Male) |
| 10:26 | Build | House |
| 10:45 | Research | Double-Bit Axe |
| 10:58 | Build | Watch Tower |
| 11:07 | Create | Villager (Male) |
| 11:07 | Create | Villager (Male) |
| 11:13 | Build | House |
| 11:44 | Create | Archer |
| 12:01 | Create | Villager (Male) |
| 12:01 | Create | Villager (Male) |
| 12:06 | Build | Blacksmith |
| 12:11 | Create | Archer |
| 12:42 | Build | Mill |
| 12:45 | Create | Villager (Male) |
| 12:48 | Create | Archer |
| 13:10 | Build | House |
| 13:12 | Create | Archer |
| 13:18 | Create | Villager (Male) |
| 13:19 | Create | Villager (Male) |
| 13:26 | Build | Farm |
| 13:29 | Build | Farm |
| 13:29 | Build | Farm |
| 13:31 | Build | Farm |
| 13:53 | Build | House |
| 13:57 | Build | Palisade Wall |
| 14:17 | Create | Villager (Male) |
| 14:19 | Research | Fletching |
| 14:41 | Create | Villager (Male) |
| 14:43 | Build | Farm |
| 14:43 | Build | Farm |
| 14:43 | Build | Farm |
| 14:43 | Build | Farm |
| 14:43 | Build | Farm |
| 14:44 | Build | Farm |
| 14:44 | Build | Farm |
| 14:54 | Build | House |
| 15:10 | Create | Villager (Male) |
| 15:11 | Create | Villager (Male) |
| 15:12 | Build | Farm |
| 15:24 | Build | House |
| 15:33 | Build | Farm |
| 15:36 | Create | Archer |
| 15:38 | Create | Archer |
| 15:43 | Build | Farm |
| 15:48 | Create | Villager (Male) |
| 15:55 | Build | House |
| 16:07 | Build | Farm |
| 16:21 | Create | Archer |
| 16:28 | Create | Villager (Male) |
| 16:28 | Create | Villager (Male) |
| 16:44 | Build | Stable |
| 17:03 | Build | House |
| 17:06 | Build | Palisade Gate |
| 17:08 | Create | Archer |
| 17:10 | Create | Villager (Male) |
| 17:29 | Build | Farm |
| 17:32 | Build | House |
| 17:34 | Create | Scout Cavalry |
| 17:54 | Create | Scout Cavalry |
| 17:55 | Create | Villager (Male) |
| 17:55 | Create | Villager (Male) |
| 18:04 | Build | Farm |
| 18:08 | Create | Scout Cavalry |
| 18:11 | Build | Farm |
| 18:18 | Create | Villager (Male) |
| 18:22 | Build | House |
| 18:25 | Build | Farm |
| 18:27 | Create | Scout Cavalry |
| 18:32 | Research | Scale Barding Armor |
| 18:56 | Build | Farm |
| 18:56 | Build | Farm |
| 18:57 | Build | Farm |
| 19:11 | Create | Archer |
| 19:12 | Create | Villager (Male) |
| 19:12 | Create | Villager (Male) |
| 19:24 | Build | Mill |
| 19:41 | Create | Archer |
| 20:02 | Create | Villager (Male) |
| 20:26 | Create | Scout Cavalry |
| 20:44 | Create | Villager (Male) |
| 21:09 | Research | Castle Age |
| 21:16 | Create | Scout Cavalry |
| 21:23 | Build | Market |
| 21:28 | Create | Skirmisher |
| 21:39 | Build | House |
| 21:40 | Build | House |
| 21:52 | Research | Man-at-Arms (upgrade) |
| 22:20 | Build | Barracks |
| 22:33 | Build | House |
| 22:35 | Create | Villager (Male) |
| 22:36 | Create | Villager (Male) |
| 22:37 | Research | Scale Mail Armor |
| 22:54 | Create | Militia |
| 22:57 | Create | Militia |
| 23:07 | Build | House |
| 23:18 | Research | Forging |
| 23:19 | Create | Militia |
| 23:19 | Create | Militia |
| 23:29 | Create | Militia |
| 23:30 | Create | Militia |
| 23:44 | Create | Militia |
| 23:45 | Create | Militia |
| 23:49 | Age | Castle Age |
| 23:51 | Research | Long Swordsman (upgrade) |
| 23:52 | Research | Squires |
| 24:08 | Create | Militia |
| 24:29 | Research | Chain Mail Armor |
| 24:33 | Create | Militia |
| 24:33 | Create | Militia |
| 24:42 | Build | Farm |
| 24:43 | Build | Farm |
| 24:46 | Build | House |
| 25:07 | Create | Militia |
| 25:10 | Build | Palisade Wall |
| 25:14 | Create | Militia |
| 25:14 | Create | Villager (Male) |
| 25:15 | Create | Villager (Male) |
| 25:15 | Create | Villager (Male) |
| 25:26 | Create | Militia |
Build order — Notorious
First 150 of 616 actions detected
| 0:02 | Build | House |
| 0:03 | Build | House |
| 0:04 | Create | Villager (Male) |
| 0:05 | Create | Villager (Male) |
| 0:05 | Create | Villager (Male) |
| 0:10 | Create | Villager (Male) |
| 1:25 | Create | Villager (Male) |
| 1:26 | Create | Villager (Male) |
| 1:52 | Create | Villager (Male) |
| 2:15 | Build | Lumber Camp |
| 2:22 | Create | Villager (Male) |
| 2:59 | Create | Villager (Male) |
| 3:15 | Create | Villager (Male) |
| 3:20 | Create | Villager (Male) |
| 3:46 | Build | House |
| 4:03 | Create | Villager (Male) |
| 4:36 | Create | Villager (Male) |
| 4:56 | Create | Villager (Male) |
| 5:02 | Build | Mill |
| 5:06 | Create | Villager (Male) |
| 5:34 | Create | Villager (Male) |
| 6:01 | Create | Villager (Male) |
| 6:06 | Research | Loom |
| 6:47 | Research | Feudal Age |
| 7:09 | Build | House |
| 7:37 | Build | Mining Camp |
| 8:24 | Build | Barracks |
| 8:29 | Build | Palisade Wall |
| 8:32 | Build | Palisade Wall |
| 8:40 | Research | Double-Bit Axe |
| 8:41 | Research | Double-Bit Axe |
| 8:52 | Create | Villager (Male) |
| 8:57 | Age | Feudal Age |
| 9:12 | Create | Flemish Militia |
| 9:17 | Research | Bow Saw |
| 9:21 | Create | Flemish Militia |
| 9:35 | Create | Villager (Male) |
| 9:35 | Create | Villager (Male) |
| 9:41 | Create | Flemish Militia |
| 10:06 | Create | Flemish Militia |
| 10:09 | Build | House |
| 10:13 | Build | Archery Range |
| 10:25 | Create | Villager (Male) |
| 10:52 | Create | Villager (Male) |
| 11:11 | Create | Villager (Male) |
| 11:12 | Build | Farm |
| 11:15 | Build | Farm |
| 11:17 | Create | Skirmisher |
| 11:17 | Create | Skirmisher |
| 11:27 | Build | House |
| 11:35 | Create | Flemish Militia |
| 11:36 | Create | Villager (Male) |
| 11:45 | Build | Farm |
| 11:47 | Create | Villager (Male) |
| 11:56 | Build | Blacksmith |
| 12:02 | Build | House |
| 12:03 | Create | Villager (Male) |
| 12:17 | Create | Villager (Male) |
| 12:20 | Build | Farm |
| 12:31 | Build | Farm |
| 12:35 | Build | House |
| 12:54 | Create | Villager (Male) |
| 13:00 | Build | Farm |
| 13:18 | Create | Skirmisher |
| 13:22 | Create | Villager (Male) |
| 13:25 | Build | Farm |
| 13:32 | Build | Farm |
| 13:40 | Create | Flemish Militia |
| 13:53 | Research | Fletching |
| 13:56 | Build | Farm |
| 14:13 | Create | Villager (Male) |
| 14:17 | Create | Villager (Male) |
| 14:19 | Build | Farm |
| 14:21 | Build | Farm |
| 14:34 | Create | Skirmisher |
| 14:41 | Create | Villager (Male) |
| 14:51 | Create | Villager (Male) |
| 14:52 | Create | Skirmisher |
| 15:02 | Create | Villager (Male) |
| 15:05 | Build | Farm |
| 15:27 | Create | Skirmisher |
| 15:27 | Create | Villager (Male) |
| 15:30 | Build | Farm |
| 15:42 | Research | Horse Collar |
| 15:49 | Create | Skirmisher |
| 15:56 | Create | Villager (Male) |
| 15:57 | Create | Villager (Male) |
| 16:12 | Build | Farm |
| 16:24 | Research | Padded Archer Armor |
| 16:25 | Create | Villager (Male) |
| 16:32 | Create | Skirmisher |
| 16:33 | Create | Villager (Male) |
| 16:35 | Build | House |
| 16:54 | Build | Farm |
| 16:55 | Create | Skirmisher |
| 16:59 | Create | Villager (Male) |
| 17:00 | Build | Farm |
| 17:25 | Create | Skirmisher |
| 17:49 | Build | Farm |
| 17:53 | Build | Farm |
| 17:56 | Build | House |
| 18:02 | Create | Villager (Male) |
| 18:23 | Build | Farm |
| 18:27 | Create | Villager (Male) |
| 18:51 | Build | Archery Range |
| 18:53 | Create | Villager (Male) |
| 19:03 | Build | Farm |
| 19:09 | Create | Flemish Militia |
| 19:20 | Research | Castle Age |
| 19:20 | Research | Castle Age |
| 19:21 | Create | Skirmisher |
| 19:23 | Create | Flemish Militia |
| 19:33 | Create | Flemish Militia |
| 19:34 | Create | Villager (Male) |
| 19:36 | Build | Farm |
| 19:40 | Create | Skirmisher |
| 19:58 | Build | House |
| 20:12 | Create | Skirmisher |
| 20:13 | Create | Spearman |
| 20:15 | Create | Flemish Militia |
| 20:25 | Create | Skirmisher |
| 20:25 | Create | Villager (Male) |
| 20:31 | Build | Lumber Camp |
| 20:35 | Create | Villager (Male) |
| 20:42 | Create | Skirmisher |
| 20:42 | Create | Skirmisher |
| 20:43 | Create | Villager (Male) |
| 21:16 | Create | Skirmisher |
| 21:16 | Create | Skirmisher |
| 21:28 | Research | Heavy Plow |
| 21:31 | Create | Flemish Militia |
| 21:31 | Create | Flemish Militia |
| 21:36 | Research | Scale Mail Armor |
| 21:37 | Research | Forging |
| 21:46 | Create | Skirmisher |
| 21:46 | Create | Skirmisher |
| 22:00 | Age | Castle Age |
| 22:04 | Research | Elite Skirmisher (upgrade) |
| 22:05 | Research | Elite Skirmisher (upgrade) |
| 22:10 | Create | Villager (Male) |
| 22:12 | Research | Bodkin Arrow |
| 22:13 | Research | Leather Archer Armor |
| 22:13 | Research | Leather Archer Armor |
| 22:16 | Create | Skirmisher |
| 22:17 | Create | Flemish Militia |
| 22:18 | Create | Flemish Militia |
| 22:22 | Research | Squires |
| 22:27 | Create | Skirmisher |
| 22:27 | Create | Skirmisher |
| 22:28 | Create | Flemish Militia |
Match timeline
| 6:00 | Bulba · first_building Barracks |
| 8:24 | Notorious · first_building Barracks |
| 8:29 | Notorious · wall_segment Palisade Wall x1 |
| 8:32 | Notorious · wall_segment Palisade Wall x1 |
| 8:57 | Notorious · age_up feudal |
| 9:20 | Bulba · age_up feudal |
| 9:38 | Bulba · first_building Archery Range |
| 10:13 | Notorious · first_building Archery Range |
| 13:57 | Bulba · wall_segment Palisade Wall x1 |
| 16:44 | Bulba · first_building Stable |
| 22:00 | Notorious · age_up castle |
| 23:49 | Bulba · age_up castle |
| 24:28 | Bulba · first_market_buy 100 food |
| 25:10 | Bulba · wall_segment Palisade Wall x1 |
| 26:32 | Bulba · first_market_sell 100 wood |
| 27:12 | Notorious · first_building Monastery |
| 30:34 | Bulba · first_building Siege Workshop |
| 31:57 | Notorious · first_building Stable |
| 32:13 | Notorious · first_building Castle |
| 35:32 | Bulba · first_building Monastery |
| 36:48 | Notorious · first_building Siege Workshop |
| 37:05 | Notorious · wall_segment Palisade Wall x1 |
| 42:30 | Bulba · first_building Castle |
| 43:29 | Bulba · age_up imperial |
| 44:29 | Notorious · age_up imperial |
| 47:10 | Notorious · wall_segment Stone Wall x13 |
| 48:28 | Notorious · first_market_sell 100 wood |
| 48:30 | Notorious · first_market_buy 100 food |
| 52:06 | Notorious · resign |
[ AI ANALYSIS · 1 CREDIT ]
What really happened in this match?
Wolo.gg analyzes every decision: build order, eco, micro, common mistakes by bracket. Personalized analysis on WhatsApp or Discord in 30 seconds.
Civ guide
Vikings
Map guide
Enclosed
Perfil
Bulba